 Dungeon Crawl Stone Soup version 0.29-a0-819-g94b489e0ae (webtiles) character file.

Game seed: 18224537127244594800

311 Colgate the Covert (level 6, 0/38 HPs)
             Began as a Kobold Brigand on July 6, 2022.
             Killed by nerve-wracking pain
             ... invoked by an orc priest
              (9 damage)
             ... on level 5 of the Dungeon.
             The game lasted 00:06:50 (4141 turns).

Colgate the Covert (Kobold Brigand)                 Turns: 4141, Time: 00:06:51

Health: 0/38       AC:  6    Str:  8    XL:     6   Next: 70%
Magic:  6/6        EV: 19    Int: 12    God:
Gold:   147        SH:  0    Dex: 19    Spells: 5/5 levels left

rFire   + . .      SeeInvis .   a - +2 dagger
rCold   . . .      Faith    .   (no shield)
rNeg    . . .      Spirit   .   b - +0 robe
rPois   .          Reflect  .   l - +0 helmet
rElec   .          Harm     .   c - +0 cloak
rCorr   .          Rampage  .   (no gloves)
Will    .....                   n - +1 pair of boots
Stlth   +++++.....              (no amulet)
HPRegen 0.12/turn               i - ring of protection from fire
MPRegen 0.10/turn               A - +4 ring of evasion

@: no status effects
A: small, no large weapons, nightstalker 3
a: no special abilities


You were on level 5 of the Dungeon.
You visited 1 branch of the dungeon, and saw 5 of its levels.

You collected 210 gold pieces.
You spent 63 gold pieces at shops.

Inventory:

Hand Weapons
 a - a +2 dagger (weapon)
Missiles
 d - 11 poisoned darts (quivered)
 e - 3 curare-tipped darts
 h - 4 boomerangs
Armour
 b - a +0 robe (worn)
 c - a +0 cloak (worn)
 l - a +0 helmet (worn)
 n - a +1 pair of boots (worn)
Jewellery
 i - a ring of protection from fire (left hand)
 A - a +4 ring of evasion (right hand)
Scrolls
 f - a scroll of noise {unknown}
 k - 5 scrolls of identify {unknown}
 m - 2 scrolls of immolation {unknown}
 o - 2 scrolls of vulnerability {unknown}
 p - a scroll of enchant armour {unknown}
 r - a scroll of teleportation {unknown}
 w - a scroll of poison {unknown}
 y - a scroll of fear {unknown}
 B - a scroll of blinking {unknown}
Potions
 g - 2 potions of mutation {unknown}
 j - a potion of invisibility {unknown}
 q - 2 potions of haste {unknown}
 s - a potion of curing {unknown}
 t - a potion of magic {unknown}
 u - a potion of heal wounds {unknown}
 v - 2 potions of might {unknown}
 x - a potion of resistance {unknown}
 z - a potion of degeneration {unknown}


   Skills:
 - Level 4.3 Fighting
 - Level 4.0 Short Blades
 - Level 2.1 Throwing
 + Level 2.0 Dodging
 - Level 8.4 Stealth


You had 5 spell levels left.
You didn't know any spells.
Your spell library contained the following spells:

 Spells                   Type           Power      Damage    Failure   Level
 Apportation              Tloc           0%         N/A       32%         1
 Necrotise                Necr           0%         1d4       32%         1
 Summon Small Mammal      Summ           0%         N/A       32%         1


Dungeon Overview and Level Annotations

Branches:
Dungeon (5/15)
 Temple: D:4-7

Altars:

Shops:
D:1 :*[[


Innate Abilities, Weirdness & Mutations

You are small and have problems with some larger weapons.
You are completely attuned to the shadows.


Message History

There are monsters nearby!
You are too injured to fight recklessly!
There are monsters nearby!
You are too injured to fight recklessly!
There are monsters nearby!
You are too injured to fight recklessly!
There are monsters nearby!
You are too injured to fight recklessly!
There are monsters nearby!
You are too injured to fight recklessly!
There are monsters nearby!
You are too injured to fight recklessly!
There are monsters nearby!
Unknown command.
You hit the orc. The orc closely misses you. The orc completely misses you.
The orc closely misses you. The orc misses you.
You hit the orc. The orc barely misses you. The orc misses you.
The orc priest calls upon Beogh to heal the orc.
The orc's wounds heal themselves!
The orc completely misses you. The orc closely misses you.
You hit the orc priest but do no damage.
The orc hits you with a +0 dagger.
The orc priest hits you with a +3 dagger.
The orc hits you with a +0 flail.
* * * LOW HITPOINT WARNING * * *
The orc misses you.
The orc hits you from afar with a +0 trident.
* * * LOW HITPOINT WARNING * * *
You hit the orc priest. The orc barely misses you. The orc misses you.
The orc completely misses you. The orc misses you.
You hit the orc priest. You hit the orc priest. The orc misses you.
The orc closely misses you. The orc hits you but does no damage.
The orc priest looks encouraged for a moment.
The orc misses you.
The adder hisses angrily.
You hit the orc priest. The orc misses you. x2
The orc priest mumbles some strange prayers to Beogh against you.
Pain shoots through your body!
You die...

....##.### #....#
.#.<....# #####....#
.........# ##........#
.##......###.........#
#..S........###....#
#..........## #....#
>..#....#### ######
###..### #@o# ...ooo#
.?.Ss.o. .........
#........


You could see a scorpion, an orc priest, 2 adders and 4 orcs.

Vanquished Creatures
  A hound (D:4)
  A jelly (D:5)
  An orc priest (D:4)
  Terence (D:2)
  2 iguanas (D:4)
  8 adders
  2 worms (D:2)
  A dart slug (D:1)
  3 orcs
  10 endoplasms
  4 giant cockroaches
  7 jackals (D:2)
  2 quokkas
  7 ball pythons
  4 bats
  5 goblins
  4 kobolds
  3 rats
66 creatures vanquished.

Notes
Turn   | Place    | Note
-------+----------+-------------------------------------------
     0 | D:1      | Colgate the Kobold Brigand began the quest for the Orb.
     0 | D:1      | Reached XP level 1. HP: 12/12 MP: 1/1
   253 | D:1      | Reached XP level 2. HP: 15/17 MP: 2/2
   287 | D:1      | Found Mamiot's Armour Emporium.
   316 | D:1      | Found Golietul's Assorted Antiques.
   405 | D:1      | Found Jitrud's Book Shoppe.
   433 | D:1      | Found Wisassog's Weapon Boutique.
   520 | D:1      | Found Toidwef's Antique Armour Shoppe.
   836 | D:1      | Reached XP level 3. HP: 21/21 MP: 3/3
  1244 | D:1      | Bought a +0 helmet for 63 gold pieces
  1293 | D:2      | Reached skill level 6 in Stealth
  1681 | D:2      | You fall into a shaft and drop 1 floor!
  1734 | D:3      | Reached XP level 4. HP: 26/26 MP: 4/4
  2172 | D:3      | Reached skill level 7 in Stealth
  2609 | D:2      | Noticed Terence
  2617 | D:2      | Killed Terence
  2618 | D:2      | Reached XP level 5. HP: 30/30 MP: 5/5
  2637 | D:2      | Reached skill level 8 in Stealth
  3573 | D:4      | Reached XP level 6. HP: 37/37 MP: 6/6
  4093 | D:5      | Entered Level 5 of the Dungeon
  4141 | D:5      | Killed from afar by an orc priest

Illustrated notes

Levels and vault maps discovered:
D:1:      erik_arrival_cave_to_civilisation [erik_arrival_cave_to_hall],
          layout_basic, serial_shops, nicolae_square_shop,
          nicolae_shop_bloodbath_and_beyond, shop, shop,
          nicolae_shop_temple_entry_statues_fountains
D:2:      layout_loops_ring, uniq_terence
D:3:      layout_loops_cross
D:4:      layout_cave_pools, kennysheep_generic_room_8
D:5:      layout_rooms, amcnicky_altar_gilded, uniq_blork_the_orc

Skill      XL: |  1  2  3  4  5  6 |
---------------+-------------------+-----
Short Blades   | 3 4 |  4.0
Stealth        | 6 7 8 |  8.4
Fighting       | 3 4 |  4.3
Dodging        | 2 |  2.0
Throwing       | |  2.1

Action                   |  1- 3 |  4- 6 || total
-------------------------+-------+-------++-------
Melee: Dagger            |    74 |    85 ||   159
       Punch             |       |     1 ||     1
 Stab: Sleeping          |    17 |    30 ||    47
       Distracted        |       |     1 ||     1
Armor: Robe              |    15 |    17 ||    32
Dodge: Dodged            |    39 |    59 ||    98

Table legend: (Time is in decaauts)
 A = Elapsed time spent in this place.
 B = Non-inter-level travel time spent in this place.
 C = Inter-level travel time spent in this place.
 D = Time resting spent in this place.
 E = Time spent auto-exploring this place.
 F = Levels seen in this place.
 G = Mean time per level.
                   A        B        C        D        E       F      G
               +--------+--------+--------+--------+--------+-----+--------+
         Total |   4108 |   3957 |    151 |      0 |   3521 |   5 |  821.6 |
       Dungeon |   4108 |   3957 |    151 |      0 |   3521 |   5 |  821.6 |
               +--------+--------+--------+--------+--------+-----+--------+

Top non-repeatable levels by time:
     D:1: 1261 daAuts
     D:2: 1199 daAuts
     D:4: 871 daAuts
     D:3: 731 daAuts
     D:5: 44 daAuts
